 Dungeon Crawl Stone Soup version 0.30-a0-222-ge547ba4400 (webtiles) character file.

Game seed: 12385876537929896337

1843 Belterius the Covered (level 8, -1/74 HPs)
             Began as a Minotaur Fighter on Oct 8, 2022.
             Slain by an unseen horror (6 damage)
             ... on level 7 of the Dungeon.
             The game lasted 00:06:32 (3913 turns).

Belterius the Covered (Minotaur Fighter)            Turns: 3913, Time: 00:06:33

Health: -1/74      AC:  8    Str: 23    XL:     8   Next: 88%
Magic:  7/7        EV:  9    Int:  5    God:
Gold:   395        SH:  5    Dex: 10    Spells: 7/7 levels left

rFire   . . .      SeeInvis .    a - +0 war axe
rCold   . . .      Faith    .    c - +0 buckler
rNeg    . . .      Spirit   .    b - +0 scale mail
rPois   .          Reflect  .    (helmet restricted)
rElec   .          Harm     .    (no cloak)
rCorr   .          Rampage  .    (no gloves)
Will    .....                    (no boots)
Stlth   ..........               (no amulet)
HPRegen 0.32/turn                (no ring)
MPRegen 0.10/turn                (no ring)

@: no status effects
A: horns 2, retaliatory headbutt
a: no special abilities


You were on level 7 of the Dungeon.
You visited 1 branch of the dungeon, and saw 6 of its levels.

You collected 395 gold pieces.

Inventory:

Hand Weapons
 a - a +0 war axe (weapon)
Armour
 b - a +0 scale mail (worn)
 c - a +0 buckler (worn)
Jewellery
 r - a ring of protection from cold
 v - a ring of flight
Wands
 w - a wand of light (5)
 x - a wand of digging (6)
Scrolls
 f - 2 scrolls of blinking {unknown}
 g - a scroll of acquirement {unknown}
 h - 3 scrolls of identify {unknown}
 m - 2 scrolls of teleportation {unknown}
 n - a scroll of fear {unknown}
 p - a scroll of magic mapping {unknown}
 s - a scroll of enchant weapon {unknown}
 t - a scroll of amnesia {unknown}
 u - 2 scrolls of immolation {unknown}
 y - a scroll of vulnerability {unknown}
Potions
 d - 2 potions of might
 e - 2 potions of ambrosia {unknown}
 i - a potion of attraction {unknown}
 j - a potion of flight {unknown}
 k - a potion of resistance {unknown}
 l - 6 potions of curing {unknown}
 o - a potion of brilliance {unknown}
 q - 5 potions of heal wounds {unknown}
 z - 3 potions of lignification {unknown}


   Skills:
 + Level 7.7 Fighting
 + Level 7.2 Axes
 + Level 7.8 Armour
 + Level 7.8 Shields


You had 7 spell levels left.
You didn't know any spells.
Your spell library contained the following spells:

 Spells                   Type           Power      Damage    Failure   Level
 Beastly Appendage        Tmut           0%         N/A       83%         1
 Sandblast                Erth           0%         2d4       83%         1
 Slow                     Hex            0%         N/A       83%         1
 Ensorcelled Hibernation  Hex/Ice        0%         N/A       92%         2
 Passwall                 Tmut/Erth      0%         N/A       92%         2
 Wereblood                Tmut           0%         N/A       92%         2
 Confusing Touch          Hex            0%         N/A       99%         3
 Spider Form              Tmut/Pois      0%         N/A       99%         3
 Stone Arrow              Conj/Erth      0%         3d7       99%         3
 Vampiric Draining        Necr           0%         2d6       99%         3
 Anguish                  Hex/Necr       0%         N/A       100%        4


Dungeon Overview and Level Annotations

Branches:
Dungeon (7/15)             Temple (0/1) D:4

Altars:
Fedhas
Zin
The Shining One

Annotations:
D:5 1 runed translucent door, Inkie2's ghost, novice MeCK


Innate Abilities, Weirdness & Mutations

You have a pair of horns on your head.
You reflexively headbutt those who attack you in melee.


Message History

Something hits you. The wight hits you with a +0 scimitar!
Unknown command.
A wight is nearby!
You are too injured to fight recklessly!
Unknown command.
A wight is nearby!
You are too injured to fight recklessly!
Unknown command.
A wight is nearby!
You are too injured to fight recklessly!
Unknown command.
A wight is nearby!
You are too injured to fight recklessly!
Unknown command.
You hit the wight.
The wight is severely damaged.
Something hits you but does no damage. The wight barely misses you.
The wight closely misses you. You furiously retaliate!
You headbutt the wight. Something hits you!
* * * LOW HITPOINT WARNING * * *
You hit the wight.
You destroy the wight!
You barely miss something. You block something's attack.
Your life force feels restored.
You barely miss something.
Something hits you but does no damage. x2
Something hits you but does no damage.
Things that are here:
a +1 scimitar of draining; a +0 robe A wight comes into view.
It is wielding a +0 halberd.
Something hits you.
* * * LOW HITPOINT WARNING * * *
Something hits you!
* * * LOW HITPOINT WARNING * * *
Things that are here:
a +1 scimitar of draining; a +0 robe Something hits you but does no damage.
Something hits you!
* * * LOW HITPOINT WARNING * * *
Something hits you.
You die...

#...#+#.........
#...............
#...............
#......<....#..#
#.......#####..
#..............
#......#######.
#......#
#.....@#######+###
#......#..........
#........)..z.....
#........)........
#...(.........$...
#......#..........
#......#..........
##....#####......#
#....# .####.#


There were no monsters in sight!

Vanquished Creatures
  Sigmund (D:2)
  A steam dragon (D:7)
  An ice beast (D:7)
  2 sky beasts
  A centaur (D:7)
  A phantom (D:6)
  3 necrophages (D:5)
  3 scorpions
  5 wights
  A howler monkey (D:5)
  2 hounds
  A jelly (D:5)
  2 orc priests
  2 iguanas (D:4)
  5 orc wizards
  5 adders
  A shadow imp (D:6)
  4 white imps
  An ufetubus (D:5)
  3 worms
  6 dart slugs
  11 orcs
  2 endoplasms (D:1)
  A giant cockroach (D:1)
  A goblin (D:2)
  6 hobgoblins
  4 jackals (D:5)
  A quokka (D:5)
  4 ball pythons
  3 bats
  5 frilled lizards (D:1)
  5 kobolds
  7 rats
101 creatures vanquished.

Vanquished Creatures (others)
  An orc wizard (D:7)
1 creature vanquished.

Grand Total: 102 creatures vanquished

Notes
Turn   | Place    | Note
-------+----------+-------------------------------------------
     0 | D:1      | Belterius the Minotaur Fighter began the quest for the Orb.
     0 | D:1      | Reached XP level 1. HP: 19/19 MP: 0/0
   129 | D:1      | Reached XP level 2. HP: 27/27 MP: 1/1
   452 | D:1      | Reached XP level 3. HP: 30/33 MP: 2/2
   871 | D:2      | Noticed Sigmund
   877 | D:2      | Killed Sigmund
   878 | D:2      | Reached XP level 4. HP: 38/41 MP: 3/3
   878 | D:2      | Reached XP level 5. HP: 44/47 MP: 4/4
  1135 | D:2      | Reached skill level 5 in Shields
  1187 | D:2      | You fall into a shaft and drop 2 floors!
  1243 | D:4      | Reached skill level 5 in Fighting
  1295 | D:4      | Found a staircase to the Ecumenical Temple.
  1340 | D:4      | Reached skill level 5 in Armour
  1343 | D:4      | Reached XP level 6. HP: 45/56 MP: 5/5
  1520 | D:4      | Found a glowing golden altar of the Shining One.
  1611 | D:4      | Found a glowing silver altar of Zin.
  1738 | D:5      | Entered Level 5 of the Dungeon
  1811 | D:5      | Found a runed translucent door.
  1811 | D:5      | Noticed Inkie2's ghost (novice MeCK)
  1815 | D:5      | Identified the +1 robe of the Healing Gods {Harm Will+
                  | Str+4}
  1980 | D:5      | Found a blossoming altar of Fedhas.
  2003 | D:5      | Reached XP level 7. HP: 57/62 MP: 6/6
  2033 | D:5      | Reached skill level 5 in Axes
  2725 | D:6      | Reached XP level 8. HP: 47/71 MP: 7/7
  3147 | D:6      | Found Loapo's Jewellery Shop.
  3913 | D:7      | Slain by an unseen horror

Illustrated notes

Levels and vault maps discovered:
D:1:      arrival_zaba_pyramid, layout_basic
D:2:      layout_basic, minmay_misc_feat_alley, uniq_sigmund
D:4:      layout_gridville, zin_scriptorium, tso_altar,
          minmay_temple_entry_arrows, chequers_serial_rivers_large_b
D:5:      minmay_chambers_of_threes, layout_rooms, mainiacjoe_overflow_catwalk,
          gammafunk_ghost_grave
D:6:      layout_gridville, serial_shops, kennysheep_mini
D:7:      layout_basic, hangedman_abyss_or_decor_stagger,
          minmay_a_box_with_orc_wizards_in_it, uniq_menkaure, uniq_duvessa

Skill      XL: |  1  2  3  4  5  6  7  8 |
---------------+-------------------------+-----
Shields        | 4 5 6 7 |  7.8
Armour         | 4 5 6 7 |  7.8
Fighting       | 4 5 6 7 |  7.7
Axes           | 3 4 5 7 |  7.2

Action                   |  1- 3 |  4- 6 |  7- 9 || total
-------------------------+-------+-------+-------++-------
Melee: War axe           |    53 |    67 |   144 ||   264
       Headbutt          |     2 |    16 |    25 ||    43
  Use: Potion            |     1 |       |       ||     1
Armor: Scale mail        |    27 |    30 |    65 ||   122
Dodge: Dodged            |    29 |    31 |    60 ||   120
Block: Buckler           |    17 |    22 |    38 ||    77

Table legend: (Time is in decaauts)
 A = Elapsed time spent in this place.
 B = Non-inter-level travel time spent in this place.
 C = Inter-level travel time spent in this place.
 D = Time resting spent in this place.
 E = Time spent auto-exploring this place.
 F = Levels seen in this place.
 G = Mean time per level.
                   A        B        C        D        E       F      G
               +--------+--------+--------+--------+--------+-----+--------+
         Total |   4024 |   3803 |    221 |    454 |   2592 |   6 |  670.7 |
       Dungeon |   4024 |   3803 |    221 |    454 |   2592 |   6 |  670.7 |
               +--------+--------+--------+--------+--------+-----+--------+

Top non-repeatable levels by time:
     D:5: 1155 daAuts
     D:1: 878 daAuts
     D:4: 639 daAuts
     D:6: 565 daAuts
     D:7: 450 daAuts
     D:2: 335 daAuts
